[Event "Early-Titled-Tuesday-Blitz-June-18-2024"]
[Site "Chess.com"]
[Date "2024.06.18"]
[Round "8"]
[White "ploxoi"]
[Black "szefru"]
[Result "1-0"]
[WhiteElo "2489"]
[BlackElo "2311"]
[TimeControl "180+1"]
[EndTime "9:30:21 PDT"]
[Termination "ploxoi won by resignation"]

1. c4 Nf6 2. Nf3 g6 3. g3 Bg7 4.
Bg2 c6 5. O-O d5 6. b3 Ne4 7. d4 O-O 8. Bb2 a5 9. Nc3 Nxc3 10.
Bxc3 a4 11. Qd2 Bf5 12. e3 Nd7 13. Rfd1 Nb6 14. Qe2 Qc8 15. Ne5 Bh3 16. Bh1 f6 17. Nf3 Bg4 18. Bg2 e5 19. e4 f5 20. h3 Bxf3 21.
Bxf3 dxe4 22. Bg2 Qe6 23. Bb4 Rfd8 24. Bc5 Nd7 25. d5 cxd5 26. cxd5 Qa6 27. Qxa6 Rxa6 28.
Be7 Rda8 29. Bf1 R6a7 30. bxa4 Kf7 31. d6 Nc5 32. Bc4+ Ne6 33. Rab1 Bf8 34. Bxf8 Rxf8 35. Bd5 Rd8 36. Rxb7+ Rxb7 37. Bxb7 Nd4 38. a5 Nb5 39. a6 Ke6 40. Bc6 Na7 41. Bd5+ Kd7 42. a4 Rb8 43. Bb7 g5 44. g4 f4 45. Bxe4 Rb4 46. Bf5+ Kd8 47.
d7 Rxa4 48. Rc1 Rxa6 49. Rc8+ 1-0

[Event "Early-Titled-Tuesday-Blitz-June-18-2024"]
[Site "Chess.com"]
[Date "2024.06.18"]
[Round "8"]
[White "Fandorine"]
[Black "SaraBlackPanther"]
[Result "1-0"]
[WhiteElo "2942"]
[BlackElo "2709"]
[TimeControl "180+1"]
[EndTime "9:30:23 PDT"]
[Termination "Fandorine won by resignation"]

1. e4 c5 2. b3 Nc6 3. Bb2 d6 4. Bb5 Bd7 5. f4 a6 6. Bxc6 Bxc6 7. Qe2 e6 8. Nf3 Nf6 9. Nc3 b5 10. e5 dxe5 11. Nxe5 Qc7 12. Nxc6 Qxc6 13. O-O-O O-O-O 14. Rhf1 Bd6 15. Kb1 Rhe8 16. g4 Kb7 17. g5 Nd5 18. Ne4 Bc7 19. Bxg7 Nxf4 20. Qf3 Ka7 21. Qe3 Rd5 22. Rxf4 Bxf4 23. Qxf4 Rf5 24. Qd6 Rc8 25.
Qxc6 Rxc6 26. Re1 Kb7 27. Bf6 Kc7 28. Re2 Kd7 29. Kb2 Rc8 30. d3 Rg8 31. h4 Kc6 32. a3 a5 33. Bc3 Ra8 34. Be1 b4 35. a4 Rd8 36. Nd2 Rg8 37. Nc4 Ra8 38. Bg3 Kd5 39. Ne3+ 1-0

[Event "Early-Titled-Tuesday-Blitz-June-18-2024"]
[Site "Chess.com"]
[Date "2024.06.18"]
[Round "8"]
[White "simplerXiao"]
[Black "N_I_Chess"]
[Result "1-0"]
[WhiteElo "2520"]
[BlackElo "2326"]
[TimeControl "180+1"]
[EndTime "9:30:23 PDT"]
[Termination "simplerXiao won by resignation"]

1. d4 Nf6 2. Bg5 d5 3. Bxf6 exf6 4. g3 c6 5. Bg2 Bd6 6. e3 O-O 7. Ne2 f5 8. O-O Nd7 9. Nd2 Nf6 10. c4 dxc4 11. Nxc4 Bc7 12. Rb1 Be6 13. Qc2 Qe7 14. b4 a6 15. a4 Rac8 16. Rfd1 Nd5 17. Qd2 Nf4 18. Nxf4 Bxc4 19. Nd3 Bxd3 20. Qxd3 g6 21. b5 axb5 22. axb5 Bd6 23. bxc6 bxc6 24. Rdc1 c5 25. d5 Rc7 26. Rc4 h5 27. Rb6 Qe5 28. Qb1 h4 29.
Rxh4 c4 30. Rc6 Rfc8 31. Rhxc4 Kg7 32. Qc1 Kg8 33. Rxc7 Rxc7 34. Qc2 Kf8 35. Rxc7 Bxc7 36. Qc4 Bd6 37. Bf1 Kg7 38. Bd3 Qa1+ 39. Kg2 Qe5 40. h4 Kf6 41. Be2 Kg7 42. Bf3 Kf6 43. h5 Kg7 44. Qh4 Qf6 45. h6+ Kh7 46. Qxf6 1-0

[Event "Early-Titled-Tuesday-Blitz-June-18-2024"]
[Site "Chess.com"]
[Date "2024.06.18"]
[Round "8"]
[White "zverr1"]
[Black "Stanbad1"]
[Result "0-1"]
[WhiteElo "2541"]
[BlackElo "2714"]
[TimeControl "180+1"]
[EndTime "9:30:25 PDT"]
[Termination "Stanbad1 won by resignation"]

1. d4 Nf6 2. c4 c5 3. d5 b5 4.
cxb5 a6 5. bxa6 g6 6. Nc3 Bg7 7. e4 O-O 8. Be2 Qa5 9. Bd2 Bxa6 10. e5 Ne8 11. Nf3 d6 12. e6 fxe6 13. Ng5 Bc8 14. h4 exd5 15. Nxd5 Qd8 16. h5 e6 17. hxg6 hxg6 18.
Qb3 Nc6 19. Qh3 Rf5 20. Qh7+ Kf8 21. Qxg6 exd5 22. Bc3 d4 23. Nh7+ Ke7 24. Bd2 Ne5 25. Qg3 Kd7 26. Ng5 Kc7 27. Rh7 Bd7 28. Bb5 Kc8 29. Be2 Rb8 30. Ne4 Qe7 31. Ba6+ Kc7 32. Ba5+ Kc6 33. Qa3 Kd5 34. f3 Bb5 35. Qb3+ c4 36.
Qb4 Nd3+ 37. Kd2 Nxb4 38. Bxb4 Bxa6 0-1

[Event "Early-Titled-Tuesday-Blitz-June-18-2024"]
[Site "Chess.com"]
[Date "2024.06.18"]
[Round "8"]
[White "Puzzlebot_1294"]
[Black "Barboval"]
[Result "1-0"]
[WhiteElo "2682"]
[BlackElo "2534"]
[TimeControl "180+1"]
[EndTime "9:30:27 PDT"]
[Termination "Puzzlebot_1294 won by resignation"]

1. d4 Nf6 2. Bf4 e6 3. e3 c5 4. Nf3 Qb6 5. Nc3 a6 6. Rb1 cxd4 7. exd4 Bb4 8. Bd3 Nc6 9. Be3 Nd5 10. Bd2 Nxd4 11. Nxd5 Bxd2+ 12. Nxd2 exd5 13. O-O O-O 14. Qh5 f5 15. Rfe1 Qg6 16. Qxg6 hxg6 17. Re7 Nc6 18. Re2 d6 19. Nf3 Bd7 20. Rbe1 Rae8 21. a3 Rxe2 22. Bxe2 Re8 23. Kf1 Kf7 24. Rd1 Be6 25. Ng5+ Kf6 26. f4 Bg8 27. Bf3 Ne7 28. c3 Rc8 29. Kf2 Rc4 30. g3 Rc5 31. Rd2 b5 32. Be2 Nc6 33. Nf3 a5 34. Nd4 Na7 35. Nb3 Rc7 36. Nxa5 g5 37.
Nb3 g4 38. Nd4 Rb7 39. Bd3 g6 40. Bc2 Bf7 41. Bb3 Rc7 42. Nc2 Nc6 43. Bxd5 Bxd5 44. Rxd5 Na5 45. Rxd6+ Ke7 46. Rxg6 Nc4 47. Rg7+ Kd6 48.
Rxc7 Kxc7 49. b3 Nd6 50. Nd4 Ne4+ 51. Ke3 Nxc3 52. Nxf5 Nb1 53. a4 bxa4 54. bxa4 Nc3 55. a5 Nd5+ 56. Kd4 Nf6 57. Ne3 1-0

[Event "Early-Titled-Tuesday-Blitz-June-18-2024"]
[Site "Chess.com"]
[Date "2024.06.18"]
[Round "8"]
[White "jaramsdal"]
[Black "Mikayel99"]
[Result "1-0"]
[WhiteElo "2468"]
[BlackElo "2615"]
[TimeControl "180+1"]
[EndTime "9:30:27 PDT"]
[Termination "jaramsdal won by checkmate"]

1. e4 g6 2. d4 Bg7 3. Nf3 d6 4. Bc4 a6 5. a4 Nf6 6. Qe2 O-O 7. O-O c5 8. dxc5 dxc5 9. Rd1 Qc7 10. Nc3 e6 11. h3 Nc6 12. Be3 b6 13. Rd2 Bb7 14. Rad1 Rad8 15. Bg5 h6 16. Bh4 Rxd2 17. Rxd2 Nh5 18.
Bxa6 Nd4 19. Nxd4 cxd4 20. Nb5 Bxa6 21. Nxc7 Bxe2 22. Rxe2 g5 23. Bg3 Nxg3 24. fxg3 Be5 25. Nb5 Bxg3 26. Rd2 Bf4 27. Rd3 e5 28. Nd6 Rd8 29. Nf5 Ra8 30. Nxh6+ Kh7 31. Nxf7 Rxa4 32. g3 Be3+ 33. Kg2 Ra2 34. Rb3 Bc1 35. Nxe5 Bxb2 36. Rxb6 Bc3 37. Rb7+ Kg8 38. Kf3 Rxc2 39. Kg4 Rg2 40.
Rd7 Be1 41. Kf5 Bxg3 42. Kg6 Rf2 43. Ng4 Kf8 44. Nf6 Be5 45. Rf7# 1-0

[Event "Early-Titled-Tuesday-Blitz-June-18-2024"]
[Site "Chess.com"]
[Date "2024.06.18"]
[Round "8"]
[White "Chessbard1972"]
[Black "amylazy"]
[Result "1-0"]
[WhiteElo "2275"]
[BlackElo "2472"]
[TimeControl "180+1"]
[EndTime "9:30:27 PDT"]
[Termination "Chessbard1972 won on time"]

1. e4 c5 2. d4 cxd4 3. c3 Nf6 4. e5 Nd5 5. Bc4 Nb6 6. Bb3 d5 7. exd6 Qxd6 8. cxd4 g6 9. Nf3 Bg7 10. Nc3 O-O 11.
h3 Nc6 12. Be3 Bf5 13. O-O Rad8 14. Nb5 Qb8 15. Qe2 a6 16. Nc3 Nb4 17. Rad1 N4d5 18. Bg5 Rfe8 19. Rfe1 Nxc3 20. bxc3 Nd5 21. Bd2 b5 22.
Ne5 Be6 23. Nc6 Qc7 24. Nxd8 Rxd8 25. Rc1 Qb6 26. a4 bxa4 27. Bxa4 Nf6 28. Be3 Qa5 29.
Bc6 Rc8 30. Qf3 Qc7 31. Bb7 Rb8 32. Bxa6 Qa5 33. Bf1 Nd5 34. c4 Nxe3 35. fxe3 h5 36. Rb1 Rc8 37. Rec1 Qd2 38. Qf2 Qa5 39. Bd3 Qa3 40. Qe2 Bh6 41. d5 Bd7 42. Rf1 Qc5 43.
Kh1 Bxe3 44. Qf3 f5 45. Rbe1 Bg5 46. Qg3 Bf6 47. Qxg6+ Bg7 48. Bxf5 1-0

[Event "Early-Titled-Tuesday-Blitz-June-18-2024"]
[Site "Chess.com"]
[Date "2024.06.18"]
[Round "8"]
[White "yaguigor"]
[Black "VaglioSagan"]
[Result "1-0"]
[WhiteElo "2639"]
[BlackElo "2486"]
[TimeControl "180+1"]
[EndTime "9:30:27 PDT"]
[Termination "yaguigor won by checkmate"]

1. e4 c6 2. d4 d5 3. e5 Bf5 4. h4 h5 5. Bd3 Bxd3 6. Qxd3 e6 7. Bg5 Qb6 8. Nd2 c5 9. c4 Nc6 10. Ne2 cxd4 11. cxd5 Nxe5 12. Qe4 d3 13. dxe6 dxe2 14. exf7+ Kxf7 15. Qxe5 Nf6 16. Bxf6 gxf6 17.
Qd5+ Kg7 18. Rh3 Bd6 19. Nc4 Qb4+ 20. Kxe2 Rae8+ 21. Kf1 Bf4 22. Rb3 Qf8 23. Rxb7+ Re7 24. g3 Bb8 25. Re1 Rxb7 26. Qxb7+ Kh6 27. Ne3 Qc8 28. Qe4 Qh3+ 29. Kg1 Rg8 30. Nf5+ Kh7 31. Ne7+ Kh8 32. Nxg8 Bxg3 33. Qg2 Bxf2+ 34. Kxf2 Qxh4+ 35. Qg3 Qd4+ 36. Kg2 Qxb2+ 37. Kh3 Qxa2 38. Nh6 Kh7 39. Re7+ Kxh6 40. Qg7# 1-0

[Event "Early-Titled-Tuesday-Blitz-June-18-2024"]
[Site "Chess.com"]
[Date "2024.06.18"]
[Round "8"]
[White "SocoLoco"]
[Black "harkerchess"]
[Result "0-1"]
[WhiteElo "2178"]
[BlackElo "2369"]
[TimeControl "180+1"]
[EndTime "9:30:27 PDT"]
[Termination "harkerchess won on time"]

1. e4 e5 2. d4 exd4 3. Nf3 Nc6 4. Nxd4 Nf6 5. Nc3 Bb4 6. Nxc6 bxc6 7. Bd3 d5 8. exd5 cxd5 9. O-O O-O 10. Bg5 c6 11.
Na4 h6 12. Bh4 Be7 13. c4 Bg4 14. Qc2 Be6 15. Rfe1 Qa5 16. b3 Rfe8 17. h3 Rad8 18.
Rac1 d4 19. c5 g5 20. Bg3 Nd5 21. Be5 Bf6 22. Bxf6 Nxf6 23. Kf1 Nd5 24. Bc4 Nf4 25. Bxe6 fxe6 26. g3 d3 27. Qb2 d2 28. gxf4 dxc1=Q 29. Rxc1 Qd2 30. Rc2 Qxf4 31. Nc3 Qf3 32. Rc1 Qxh3+ 33.
Kg1 Qg4+ 34. Kf1 Qf4 35. Re1 Rd2 0-1

[Event "Early-Titled-Tuesday-Blitz-June-18-2024"]
[Site "Chess.com"]
[Date "2024.06.18"]
[Round "8"]
[White "Fh2411"]
[Black "GM-2024-GM"]
[Result "1-0"]
[WhiteElo "2555"]
[BlackElo "2332"]
[TimeControl "180+1"]
[EndTime "9:30:28 PDT"]
[Termination "Fh2411 won by resignation"]

1. d4 d5 2. c4 e6 3. Nc3 a6 4.
cxd5 exd5 5. Bf4 c6 6. e3 Bf5 7.
Nf3 Bd6 8. Bg3 Nf6 9. Qb3 b5 10. a4 b4 11. Na2 a5 12. Nc1 Bxg3 13. hxg3 Nbd7 14. Nd3 O-O 15. Rc1 Rc8 16. Nfe5 Nxe5 17.
Nxe5 Qd6 18. Rc5 Ne4 19. Rxa5 c5 20. Ba6 Rc7 21. O-O c4 22. Qd1 c3 23. bxc3 bxc3 24.
Bd3 f6 25. Nf3 Bg4 26. Qc2 Bxf3 27. gxf3 Nd2 28. Bxh7+ Kh8 29. Rc1 f5 30. Bxf5 Nxf3+ 31. Kg2 Rcf7 32. Rh1+ Kg8 33. Bh7+ Kh8 34. Be4+ Kg8 35.
Bxd5 Ng5 36. Bxf7+ Rxf7 37. Rxg5 Qf6 38. Rgh5 Qxf2+ 39. Qxf2 Rxf2+ 40. Kxf2 1-0

[Event "Early-Titled-Tuesday-Blitz-June-18-2024"]
[Site "Chess.com"]
[Date "2024.06.18"]
[Round "8"]
[White "micke12a"]
[Black "aot317"]
[Result "0-1"]
[WhiteElo "2376"]
[BlackElo "2531"]
[TimeControl "180+1"]
[EndTime "9:30:28 PDT"]
[Termination "aot317 won by resignation"]

1. d4 Nf6 2. Nc3 d5 3. Bf4 e6 4. Nb5 Bb4+ 5. c3 Ba5 6. b4 Bb6 7. a4 a5 8. e3 O-O 9. h3 Ne4 10. Bd3 c6 11. Bxe4 cxb5 12. Bc2 axb4 13. Qd3 g6 14. cxb4 bxa4 15. Rxa4 Rxa4 16. Bxa4 Nc6 17. Qb1 Nxb4 18. Nf3 Nc6 19. O-O Bc7 20. Bg5 f6 21.
Bh4 Ne7 22. Bc2 Nf5 23. Bxf5 gxf5 24. Nd2 Qd7 25. Qd1 b5 26. Nb3 b4 27. Nc5 Qb5 28. Qf3 Bd6 29. Rc1 b3 30. Bg3 b2 31. Rb1 Bxc5 32.
dxc5 Ba6 33. Bd6 Rf7 34. Qd1 Rb7 35. Qc2 Qb3 36. Qxb3 Rxb3 37. c6 Kf7 38. Bc5 e5 39. c7 Ke6 40. f3 Kd7 41. c8=Q+ Kxc8 0-1

[Event "Early-Titled-Tuesday-Blitz-June-18-2024"]
[Site "Chess.com"]
[Date "2024.06.18"]
[Round "8"]
[White "gafkens"]
[Black "sansanathalia"]
[Result "1-0"]
[WhiteElo "2623"]
[BlackElo "2455"]
[TimeControl "180+1"]
[EndTime "9:30:29 PDT"]
[Termination "gafkens won by resignation"]

1. e4 c5 2. Nf3 d6 3. Bb5+ Bd7 4.
Bxd7+ Qxd7 5. c4 Nf6 6. Nc3 e6 7. d4 cxd4 8. Nxd4 Be7 9. b3 O-O 10. O-O Nc6 11. Bb2 Rfd8 12. Qd2 d5 13. Nxc6 bxc6 14. e5 Ne8 15. Rad1 Nc7 16. f4 c5 17. Kh1 Qc6 18. Qe2 dxc4 19. Qxc4 Nd5 20. Qe2 Nxc3 21.
Bxc3 Rd5 22. Rc1 Rad8 23. f5 exf5 24. Rxf5 Qd7 25. Rcf1 Rf8 26. Qc4 Qe6 27. R5f3 h6 28. h3 a6 29. Rg3 Kh7 30. Qe4+ g6 31. Rgf3 f5 32. Qc4 Rfd8 33. Rd3 Kg7 34. Rfd1 Rxd3 35.
Qxe6 Rxd1+ 36. Kh2 Bg5 37. Qc4 Kh7 38. h4 Be3 39.
Qf7+ Kh8 40. e6+ Bd4 41. Bxd4+ R8xd4 42. Qf6+ Kh7 43. e7 Re4 44. Qf7+ 1-0

[Event "Early-Titled-Tuesday-Blitz-June-18-2024"]
[Site "Chess.com"]
[Date "2024.06.18"]
[Round "8"]
[White "Journey_to_GrandMaster_YT"]
[Black "subham777"]
[Result "1-0"]
[WhiteElo "2644"]
[BlackElo "2591"]
[TimeControl "180+1"]
[EndTime "9:30:31 PDT"]
[Termination "Journey_to_GrandMaster_YT won by resignation"]

1. d4 d5 2. c4 e6 3. Nc3 Nf6 4. cxd5 exd5 5. Bg5 c6 6. e3 Bd6 7. Bd3 O-O 8. Nge2 h6 9. Bh4 a5 10. Qc2 Na6 11. a3 Nc7 12. h3 Re8 13. O-O Ne6 14.
Rad1 Ng5 15. Bf5 Nfe4 16. Bxc8 Rxc8 17. Nxe4 dxe4 18. Bg3 Bxg3 19. Nxg3 Qf6 20. Qc5 Ra8 21. Qf5 Qe7 22. Rc1 Rad8 23. Rc5 a4 24. Re5 Qf8 25.
Nxe4 Rxe5 26. dxe5 Nxe4 27. Qxe4 Qc5 28. e6 fxe6 29.
Qxa4 Qd5 30. Qb4 b5 31. e4 Qd2 32. Qe7 Qd6 33. Qxd6 Rxd6 34. Rc1 Kf7 35. Rc2 Ke7 36.
Kf1 Kd7 37. Ke2 e5 38. Rd2 Rd4 39. Rxd4+ exd4 40. b4 Ke6 41. f4 g5 42. g3 gxf4 43. gxf4 Kd6 44. Kd3 c5 45. e5+ Kd5 46. bxc5 Kxc5 47.
f5 Kd5 48. f6 1-0

[Event "Early-Titled-Tuesday-Blitz-June-18-2024"]
[Site "Chess.com"]
[Date "2024.06.18"]
[Round "8"]
[White "kyuotbi"]
[Black "LangesNasenhaar"]
[Result "1-0"]
[WhiteElo "2341"]
[BlackElo "2478"]
[TimeControl "180+1"]
[EndTime "9:30:31 PDT"]
[Termination "kyuotbi won by checkmate"]

1. e4 g6 2. d4 Bg7 3. f4 c6 4. Nf3 d5 5. Nc3 dxe4 6. Nxe4 Nf6 7. Nxf6+ exf6 8. Bc4 O-O 9. O-O Nd7 10. c3 Nb6 11. Bb3 a5 12. Nh4 a4 13. Bc2 f5 14. Nf3 Nd5 15.
a3 Re8 16. Bxa4 Ne3 17. Bxe3 Rxe3 18. Bb3 Be6 19. Kf2 Re4 20. Bxe6 Rxe6 21. Ng5 Re7 22. Qb3 Ra6 23. Rae1 Rb6 24. Qa2 Bxd4+ 25. cxd4 Qxd4+ 26.
Kg3 Rxb2 27. Qa1 Qd2 28. Kh4 Qxg2 29. h3 h6 30. Rxe7 hxg5+ 31. fxg5 Qd2 32. Qc1 Qd4+ 33. Qf4 Qd8 34. Rfe1 Kg7 35. Qe5+ Kh7 36. Rxf7+ Kg8 37. Qg7# 1-0

[Event "Early-Titled-Tuesday-Blitz-June-18-2024"]
[Site "Chess.com"]
[Date "2024.06.18"]
[Round "8"]
[White "cycygogne"]
[Black "Jeppesen08"]
[Result "1-0"]
[WhiteElo "2230"]
[BlackElo "2440"]
[TimeControl "180+1"]
[EndTime "9:30:31 PDT"]
[Termination "cycygogne won by checkmate"]

1. e4 c5 2. Nf3 e6 3. d4 cxd4 4. Nxd4 Nc6 5. Nc3 Qc7 6. Be3 a6 7. Bd3 b5 8. Nxc6 Qxc6 9. f4 Bb7 10. Qf3 Nf6 11. a3 b4 12. axb4 Bxb4 13. O-O Bxc3 14. bxc3 Nxe4 15. Bxe4 Qxe4 16. Qg3 Qg6 17. Qf2 O-O 18.
Rad1 d5 19. Bd4 a5 20. Rfe1 a4 21. Re3 Qf5 22. Re5 Qg4 23. Ra1 f6 24. Re3 Rfb8 25.
Bxf6 g6 26. Rg3 Qf5 27. Be5 Rc8 28. Qb6 Bc6 29. Qb4 Ra7 30. Rg5 Qxc2 31. Qd6 Kf7 32.
Re1 Qd2 33. Rf1 Bb5 34. f5 Qe3+ 35. Kh1 Bxf1 36. Qxe6+ Kf8 37. Bd6+ Re7 38. Bxe7+ Kg7 39. Qxe3 a3 40. Qe5+ Kh6 41. Rg3 a2 42. Rh3# 1-0

[Event "Early-Titled-Tuesday-Blitz-June-18-2024"]
[Site "Chess.com"]
[Date "2024.06.18"]
[Round "8"]
[White "IMRosen"]
[Black "Lestofante90"]
[Result "0-1"]
[WhiteElo "2765"]
[BlackElo "2966"]
[TimeControl "180+1"]
[EndTime "9:30:32 PDT"]
[Termination "Lestofante90 won on time"]

1. e4 c6 2. d4 d5 3. exd5 cxd5 4. Bd3 Nc6 5. c3 Nf6 6. Nf3 g6 7. h3 Bf5 8. Bxf5 gxf5 9. Bf4 e6 10. Nbd2 Bd6 11. Bxd6 Qxd6 12. Qe2 O-O-O 13. O-O-O Ne4 14. Nb3 h5 15. Kb1 Rhg8 16. Rhg1 Rg7 17. Nc1 Rdg8 18. g3 f4 19. gxf4 Rxg1 20. Rxg1 Rxg1 21. Nxg1 Qxf4 22.
Qxh5 Qxf2 23. Qd1 Na5 24. Nce2 Nc4 25. Ka1 Ne3 26. Qc1 f5 27. b3 f4 28. c4 dxc4 29.
bxc4 f3 30. Nf4 Nc2+ 31. Kb1 Nc3+ 32. Kb2 Nb4+ 33. Kb3 Nbxa2 34. Qa3 Qxd4 35. Qf8+ Kd7 36. Qf7+ Kc6 37. Qe8+ Kb6 0-1

[Event "Early-Titled-Tuesday-Blitz-June-18-2024"]
[Site "Chess.com"]
[Date "2024.06.18"]
[Round "8"]
[White "Chernov_Alexander_A"]
[Black "whiteglovethief"]
[Result "0-1"]
[WhiteElo "2305"]
[BlackElo "2553"]
[TimeControl "180+1"]
[EndTime "9:30:32 PDT"]
[Termination "whiteglovethief won on time"]

1. d4 Nf6 2. Nc3 e6 3. e4 Bb4 4. e5 Nd5 5. Qg4 Nxc3 6. Qxg7 Rf8 7. a3 Ba5 8. Bd2 c5 9. bxc3 cxd4 10. Ne2 dxc3 11.
Bh6 Qe7 12. Qxh7 Nc6 13. f4 b6 14. Qg7 Bb7 15. Qxf8+ Qxf8 16. Bxf8 Kxf8 17. h4 Ne7 18. h5 Kg7 19. Rh3 Nf5 20. g4 Nh6 21. Rg3 Rg8 22.
Rd1 Bc6 23. Bg2 b5 24. Nd4 Bxg2 25. Rxg2 a6 26. Nf3 Kf8 27. Rxd7 Rxg4 28. Rxg4 Nxg4 29. Ra7 Ne3 30. Nd4 Bb6 31. Ra8+ Kg7 32. Nb3 Nxc2+ 33.
Ke2 Nxa3 34. Rxa6 Nc4 35. Kd3 Be3 36. Kxc3 Bxf4 37. Nd4 Bxe5 38. Kd3 Bxd4 39. Kxd4 Nd2 40. Kc5 Ne4+ 41. Kxb5 Ng3 42. Kc5 Nxh5 43. Kd6 Kg6 44. Ra1 Ng7 45. Rg1+ Kf6 46. Rf1+ Nf5+ 47. Kc5 Ke5 0-1

[Event "Early-Titled-Tuesday-Blitz-June-18-2024"]
[Site "Chess.com"]
[Date "2024.06.18"]
[Round "8"]
[White "Lupul_Cenusiu"]
[Black "lagedema"]
[Result "0-1"]
[WhiteElo "2707"]
[BlackElo "2455"]
[TimeControl "180+1"]
[EndTime "9:30:32 PDT"]
[Termination "lagedema won by resignation"]

1. e4 c5 2. Nc3 Nc6 3. Bb5 Nd4 4. Nf3 Nxb5 5. Nxb5 a6 6. Nc3 d6 7. d4 cxd4 8. Qxd4 e5 9. Qd3 Be6 10. O-O Rc8 11. b3 Be7 12. a4 Nf6 13. Rd1 O-O 14.
Ne2 Qc7 15. c4 Nd7 16. Nc3 f5 17. Nd5 Qd8 18. Nxe7+ Qxe7 19. Qxd6 Qxd6 20. Rxd6 fxe4 21. Rxe6 exf3 22. Re7 Nc5 23. Be3 Nxb3 24. Rb1 Rfd8 25. gxf3 Nd4 26. Rbxb7 Nxf3+ 27. Kg2 Nh4+ 28. Kh3 Nf5 29. Bb6 Rd3+ 30. Kg4 Nxe7 31. Rxe7 Rxc4+ 32. Kf5 Rb3 33. a5 Rc2 34. Rxe5 Kf7 35. Rd5 Rf3+ 36.
Ke4 Rh3 37. Rd7+ Ke6 38. Rxg7 Rc4+ 39. Bd4 Rh4+ 40. f4 Rxh2 41. f5+ Kd6 42. Kd3 Ra4 43. Bb6 Rh3+ 44. Kc2 Ra2+ 45. Kb1 Re2 46. f6 Rh1+ 47. Bg1 Re1+ 48. Kc2 Rhxg1 49. f7 Rgf1 0-1

[Event "Early-Titled-Tuesday-Blitz-June-18-2024"]
[Site "Chess.com"]
[Date "2024.06.18"]
[Round "8"]
[White "GOGIEFF"]
[Black "bascheyaro"]
[Result "0-1"]
[WhiteElo "3003"]
[BlackElo "2834"]
[TimeControl "180+1"]
[EndTime "9:30:33 PDT"]
[Termination "bascheyaro won by resignation"]

1. d4 d5 2. c4 c6 3. Nc3 Nf6 4. cxd5 cxd5 5. Bg5 Nc6 6. Bxf6 gxf6 7. e3 a6 8. Bd3 e6 9. f4 f5 10. Nf3 Bd7 11. O-O Be7 12. Rc1 O-O 13. Na4 Nb4 14. Bb1 Bxa4 15. Qxa4 Nc6 16. h3 Qb6 17. Qc2 Rac8 18.
Qe2 Kh8 19. Kh2 Rg8 20. Rg1 Bf6 21. g4 Ne7 22. Rxc8 Rxc8 23. gxf5 exf5 24. Bd3 h6 25. b3 Rg8 26. Rc1 Qe6 27. Rc7 b5 28. a4 bxa4 29.
bxa4 a5 30. Bb5 Qe4 31. Nd2 Qe6 32. Qf2 Qd6 33. Ra7 Qb4 34. Nf3 Qc3 35. Qd2 Qa1 36.
Ra6 Rg6 37. Qe2 Kg7 38. Qf2 Qc3 39.
h4 Rg4 40. Ra7 Qa1 41. h5 Nc8 42. Rc7 Nd6 43. Bd3 Ne4 44. Bxe4 dxe4 45. Ne5 Rh4+ 46. Kg2 Qh1+ 0-1

[Event "Early-Titled-Tuesday-Blitz-June-18-2024"]
[Site "Chess.com"]
[Date "2024.06.18"]
[Round "8"]
[White "GelmanAlexander"]
[Black "Adar_07"]
[Result "0-1"]
[WhiteElo "2659"]
[BlackElo "2804"]
[TimeControl "180+1"]
[EndTime "9:30:33 PDT"]
[Termination "Adar_07 won by resignation"]

1. c4 Nf6 2. d3 e5 3. Nf3 Nc6 4. a3 d5 5. cxd5 Nxd5 6. e3 g5 7. h3 Be6 8. b4 a6 9. Bb2 f6 10. Nbd2 Qd7 11. Rc1 h5 12. d4 exd4 13. Nxd4 Nxd4 14.
Bxd4 O-O-O 15. h4 g4 16. g3 Bd6 17. Bg2 Be5 18. Nb3 Nxe3 19. fxe3 Bxg3+ 20. Ke2 Qb5+ 21. Kd2 Bf4 22. Kc3 Bxe3 23. Qf1 Qa4 24. Bxb7+ Kb8 25.
Rb1 Bxd4+ 26. Nxd4 Qxa3+ 27. Nb3 Kxb7 28. Qxf6 Rd6 29.
Rhd1 Rc6+ 30. Kd2 Qa2+ 31. Rb2 Qa4 32. Nc5+ Rxc5 33. bxc5+ Ka7 34. Qxe6 Rd8+ 35. Ke3 Qxd1 36. Qc6 Qd4+ 37. Ke2 Qxb2+ 38. Ke3 Qd2+ 39. Ke4 Qg2+ 40. Kf5 Qxc6 0-1

[Event "Early-Titled-Tuesday-Blitz-June-18-2024"]
[Site "Chess.com"]
[Date "2024.06.18"]
[Round "8"]
[White "viktorskliarov"]
[Black "sokidze"]
[Result "0-1"]
[WhiteElo "2653"]
[BlackElo "2787"]
[TimeControl "180+1"]
[EndTime "9:30:33 PDT"]
[Termination "sokidze won by resignation"]

1. e4 e5 2. Nc3 Nf6 3. Bc4 Nxe4 4. Qh5 Nd6 5. Bb3 Be7 6. Qxe5 O-O 7. d4 Nc6 8. Qf4 b6 9. Be3 Na5 10. O-O-O Nxb3+ 11. axb3 Bb7 12. Nf3 a5 13. d5 b5 14. Bd4 a4 15. h4 axb3 16. cxb3 Re8 17. h5 Ra1+ 18. Kc2 Rxd1 19. Rxd1 b4 20. Ne4 Bxd5 21.
Nxd6 Bxd6 22. Qg4 Be4+ 23. Kc1 f6 24. Re1 Bxf3 25. Rxe8+ Qxe8 26. Qxf3 h6 27. Qg4 Qe6 28. Qxe6+ dxe6 29. Kc2 Kf7 30. Kd3 e5 31. Be3 Ke6 32.
Kc4 e4 33. Bd2 Ke5 34. Bxb4 Bxb4 35. Kxb4 Kd4 36. Kb5 f5 37. Kc6 f4 38. Kxc7 e3 0-1

[Event "Early-Titled-Tuesday-Blitz-June-18-2024"]
[Site "Chess.com"]
[Date "2024.06.18"]
[Round "8"]
[White "EvgenyBurmakin"]
[Black "bescmelasti"]
[Result "0-1"]
[WhiteElo "2408"]
[BlackElo "2625"]
[TimeControl "180+1"]
[EndTime "9:30:33 PDT"]
[Termination "bescmelasti won by checkmate"]

1. e4 c5 2. Nc3 e6 3. Nf3 Nc6 4. d4 cxd4 5. Nxd4 Nf6 6. Be3 Bb4 7. f3 d5 8. exd5 Nxd5 9. Nxc6 bxc6 10. Bd4 O-O 11.
a3 Nxc3 12. bxc3 Ba5 13. Qd3 e5 14. Bxe5 Qxd3 15. Bxd3 Re8 16. f4 f6 17. Kd2 fxe5 18. Rhe1 Bc7 19. Re3 Bd7 20. f5 e4 21. Rxe4 Rxe4 22.
Bxe4 Bxh2 23. Rb1 Rb8 24. Rh1 Bf4+ 25. Kd3 Rd8 26. Kc4 Be5 27. f6 g6 28. Kc5 Bxf6 29.
Rb1 Bxc3 30. Rb7 Be8 31. Kc4 Rd4+ 32. Kxc3 Rxe4 33. Rxa7 h5 34. a4 h4 35. a5 g5 36. a6 Ra4 37. Ra8 Kf8 38. Kb3 Ra1 39.
a7 g4 40. Kb4 h3 41. gxh3 gxh3 42. Kc5 h2 43. Kb6 h1=Q 44. c4 c5 45. Rb8 Qb1+ 46. Kc7 Rxa7+ 47. Kc8 Bd7+ 48. Kd8 Qxb8# 0-1

[Event "Early-Titled-Tuesday-Blitz-June-18-2024"]
[Site "Chess.com"]
[Date "2024.06.18"]
[Round "8"]
[White "A4RookA3"]
[Black "AljoschaFeuerstack"]
[Result "0-1"]
[WhiteElo "2431"]
[BlackElo "2653"]
[TimeControl "180+1"]
[EndTime "9:30:33 PDT"]
[Termination "AljoschaFeuerstack won on time"]

1. d4 d5 2. Bf4 Nf6 3. e3 g6 4.
Nc3 Bg7 5. Nb5 Na6 6. Nc3 Nb8 7. Nb5 Na6 8. Nc3 O-O 9. Bxa6 bxa6 10. Be5 a5 11. Nge2 Ba6 12. O-O Re8 13. Re1 e6 14. Na4 Bf8 15. Nc1 Nd7 16. Bg3 c5 17. dxc5 Nxc5 18.
Nxc5 Bxc5 19. Nd3 Bf8 20. Qd2 Rc8 21. Rec1 Qb6 22. Be5 Rc4 23. Bd4 Qc7 24. b3 Rc6 25.
Ne5 Rd6 26. Bc3 a4 27. Ba5 Qb7 28. Nd3 Rc8 29. b4 Rdc6 30. h3 Bc4 31. Nc5 Qb5 32. c3 Rxc5 33. bxc5 Qxa5 34. Qd4 Qxc5 35. Qf6 Qe7 36. Qe5 Bg7 37. Qf4 a3 38. Rab1 Bxa2 39. Rb8 Rxb8 40. Qxb8+ Bf8 41. Ra1 Bc4 0-1

[Event "Early-Titled-Tuesday-Blitz-June-18-2024"]
[Site "Chess.com"]
[Date "2024.06.18"]
[Round "8"]
[White "Aygehovit1992"]
[Black "Zhigalko_Sergei"]
[Result "0-1"]
[WhiteElo "2805"]
[BlackElo "3002"]
[TimeControl "180+1"]
[EndTime "9:30:34 PDT"]
[Termination "Zhigalko_Sergei won on time"]

1. e4 c5 2. Nc3 Nc6 3. Bb5 Nd4 4. Bc4 e6 5. Nge2 Nf6 6. O-O a6 7. a4 Qc7 8. d3 Be7 9. f4 d6 10. a5 Nc6 11. Qe1 Nxa5 12. e5 Nd7 13. exd6 Bxd6 14. Nd5 exd5 15. Nc3+ Kf8 16. Nxd5 Qd8 17. Rxa5 b6 18.
Ra1 Bb7 19. Bd2 Nf6 20. Nxf6 Qxf6 21. Bc3 Qg6 22. Qg3 b5 23. Bb3 Re8 24. Be5 Be7 25. Rae1 Qxg3 26. hxg3 Rc8 27. Bxg7+ Kxg7 28. Rxe7 c4 29.
dxc4 bxc4 30. Rxb7 cxb3 31. cxb3 Rhd8 32. Rf2 h5 33. Kh2 Rc1 34. g4 h4 35. g5 Kg6 36.
Kh3 Kh5 0-1